A
FORT MYERS CAPITALS @ ORLANDO BLACKBIRDS
04/26/2060
 
TOP OF THE 1ST
Fort Myers Capitals batting - Pitching for Orlando Blackbirds : RHP Tommy Humes
Pitching: RHP Tommy Humes
Batting: RHB Logan Donaldson 0-0: Called Strike
0-1: Ball
1-1: Ball
2-1: Ball
3-1: Base on Balls
Batting: RHB Jordy Marchetta 0-0: Ball
Logan Donaldson is caught stealing 2nd base 2-4
1-0: Foul Ball, location: 2F
1-1: Ball
2-1: Ball
3-1: Base on Balls
Batting: RHB Camden O'Neill 0-0: Called Strike
0-1: Ball
Jordy Marchetta is caught stealing 2nd base 2-4
1-1: Foul Ball, location: 2F
1-2: Fly out, F8 (Line Drive, 8RM, EV 85.6 MPH)
Top of the 1st over - 0 runs, 0 hits, 0 errors, 0 left on base; Fort Myers 0 - Orlando 0
BOTTOM OF THE 1ST
Orlando Blackbirds batting - Pitching for Fort Myers Capitals : RHP Draven Gay
Pitching: RHP Draven Gay
Batting: RHB Oscar Wilson 0-0: Called Strike
0-1: Fly out, F7 (Flyball, 78M, EV 89.4 MPH)
Batting: RHB Alden Bradley 0-0: Swinging Strike
0-1: Fly out, F3 (Line Drive, 3, EV 66.9 MPH)
Batting: RHB Braden Sacks 0-0: Ball
1-0: Foul Ball, location: 2F
1-1: Called Strike
1-2: Strikes out swinging
Bottom of the 1st over - 0 runs, 0 hits, 0 errors, 0 left on base; Fort Myers 0 - Orlando 0
TOP OF THE 2ND
Fort Myers Capitals batting - Pitching for Orlando Blackbirds : RHP Tommy Humes
Batting: LHB Kaleb Thompson 0-0: Called Strike
0-1: Called Strike
0-2: Ball
1-2: Foul Ball, location: 2F
1-2: SINGLE (Groundball, 34D, EV 94.4 MPH)
Batting: RHB Nelson Chandler 0-0: Called Strike
0-1: SINGLE (Flyball, 4D, EV 87.5 MPH)
Kaleb Thompson to second
Batting: RHB Robby Boehm 0-0: Ball
1-0: Fly out, F8 (Flyball, 89M, EV 87.5 MPH)
Batting: RHB Hunt Singleton 0-0: Called Strike
0-1: Foul Ball, location: 2F
0-2: Ball
1-2: Grounds into double play, 6-4-3 (Groundball, 6, EV 88.8 MPH)
Top of the 2nd over - 0 runs, 2 hits, 0 errors, 1 left on base; Fort Myers 0 - Orlando 0
BOTTOM OF THE 2ND
Orlando Blackbirds batting - Pitching for Fort Myers Capitals : RHP Draven Gay
Batting: LHB Aiden Hill 0-0: Ball
1-0: Ball
2-0: Ball
3-0: Base on Balls
Batting: RHB Randy Wassell 0-0: Called Strike
0-1: Grounds into double play, 4-6-3 (Groundball, 4, EV 105.6 MPH)
Batting: SHB Conor Coleman 0-0: Ball
1-0: Ball
2-0: Ball
3-0: Called Strike
3-1: Foul Ball, location: 2F
3-2: Base on Balls
Batting: RHB Billy Ojala 0-0: Fielders Choice at 2nd, 5-4 (Groundball, 5, EV 90.0 MPH)
Bottom of the 2nd over - 0 runs, 0 hits, 0 errors, 1 left on base; Fort Myers 0 - Orlando 0
TOP OF THE 3RD
Fort Myers Capitals batting - Pitching for Orlando Blackbirds : RHP Tommy Humes
Batting: RHB Ashton Emanuele 0-0: Called Strike
0-1: Ball
1-1: Ball
2-1: Swinging Strike
2-2: Foul Ball, location: 2F
2-2: Ball
3-2: Foul Ball, location: 2F
3-2: Foul Ball, location: 2F
3-2: Ground out 6-3 (Groundball, 6S, EV 73.8 MPH)
Batting: RHB Phil Klein 0-0: Called Strike
0-1: Foul Ball, location: 2F
0-2: Ball
1-2: Foul Ball, location: 2F
1-2: Ball
2-2: Ball
3-2: Ground out 6-3 (Groundball, 56D, EV 108.1 MPH)
Batting: RHB Logan Donaldson 0-0: Ball
1-0: Ball
2-0: Ball
3-0: Called Strike
3-1: Called Strike
3-2: Foul Ball, location: 2F
3-2: Ground out 6-3 (Groundball, 6M, EV 87.5 MPH)
Top of the 3rd over - 0 runs, 0 hits, 0 errors, 0 left on base; Fort Myers 0 - Orlando 0
BOTTOM OF THE 3RD
Orlando Blackbirds batting - Pitching for Fort Myers Capitals : RHP Draven Gay
Batting: SHB Kenny Goss 0-0: Ball
1-0: Ball
2-0: Called Strike
2-1: Swinging Strike
2-2: Foul Ball, location: 2F
2-2: Ball
3-2: Foul Ball, location: 2F
3-2: Strikes out swinging
Batting: RHB Logan Rodacker 0-0: Fly out, F9 (Flyball, 9, EV 75.0 MPH)
Batting: RHB Oscar Wilson 0-0: Ball
1-0: Ball
2-0: SOLO HOME RUN (Line Drive, 7D, EV 99.4 MPH), Distance : 394 ft
Batting: RHB Alden Bradley 0-0: Ball
1-0: Ball
2-0: Ball
3-0: Base on Balls
Batting: RHB Braden Sacks 0-0: Ball
1-0: Foul Ball, location: 2F
1-1: Foul Ball, location: 2F
1-2: SINGLE (Groundball, 56D, EV 97.5 MPH)
Alden Bradley to second
Batting: LHB Aiden Hill 0-0: Foul Ball, location: 2F
0-1: Swinging Strike
0-2: Hit by Pitch
Alden Bradley to third
Braden Sacks to second
Batting: RHB Randy Wassell 0-0: Called Strike
0-1: Ball
1-1: Swinging Strike
1-2: Ball
2-2: Ground out 4-3 (Groundball, 4, EV 81.9 MPH)
Bottom of the 3rd over - 1 run, 2 hits, 0 errors, 3 left on base; Fort Myers 0 - Orlando 1
TOP OF THE 4TH
Fort Myers Capitals batting - Pitching for Orlando Blackbirds : RHP Tommy Humes
Batting: RHB Jordy Marchetta 0-0: Ball
1-0: Ball
2-0: DOUBLE (Flyball, 89XD, EV 109.4 MPH)
Batting: RHB Camden O'Neill 0-0: Ball
1-0: Ball
2-0: Called Strike
2-1: Ball
3-1: Foul Ball, location: 2F
3-2: Ground out 5-3 (Groundball, 5S, EV 68.1 MPH)
Jordy Marchetta to third
Batting: LHB Kaleb Thompson 0-0: Swinging Strike
0-1: Swinging Strike
0-2: Foul Ball, location: 2F
0-2: Foul Ball, location: 2F
0-2: Ball
1-2: Ball
2-2: Foul Ball, location: 2F
2-2: Foul Ball, location: 2F
2-2: SINGLE (Line Drive, 4M, EV 103.8 MPH)
Jordy Marchetta scores
Batting: RHB Nelson Chandler 0-0: Called Strike
0-1: Swinging Strike
0-2: Foul Ball, location: 2F
0-2: Ball
1-2: Ball
2-2: Foul Ball, location: 2F
2-2: Fielders Choice at 2nd, 5-4 (Groundball, 5, EV 93.1 MPH)
Batting: RHB Robby Boehm 0-0: Ball
1-0: Ball
2-0: Ball
3-0: Base on Balls
Nelson Chandler to second
Batting: RHB Hunt Singleton 0-0: Swinging Strike
0-1: Ball
1-1: Ball
2-1: Ground out 4-3 (Groundball, 4, EV 83.1 MPH)
Top of the 4th over - 1 run, 2 hits, 0 errors, 2 left on base; Fort Myers 1 - Orlando 1
BOTTOM OF THE 4TH
Orlando Blackbirds batting - Pitching for Fort Myers Capitals : RHP Draven Gay
Batting: SHB Conor Coleman 0-0: SINGLE (Line Drive, 34D, EV 100.0 MPH)
Batting: RHB Billy Ojala 0-0: Called Strike
0-1: Called Strike
0-2: 2-RUN HOME RUN (Flyball, 9LD, EV 90.0 MPH), Distance : 343 ft
Batting: SHB Kenny Goss 0-0: Swinging Strike
0-1: Fly out, F8 (Flyball, 8LXD, EV 96.2 MPH)
Batting: RHB Logan Rodacker 0-0: Swinging Strike
0-1: Fly out, F8 (Flyball, 8LD, EV 106.2 MPH)
Batting: RHB Oscar Wilson 0-0: Ball
1-0: SINGLE (Flyball, 5D, EV 84.4 MPH)
Batting: RHB Alden Bradley 0-0: Called Strike
0-1: Called Strike
Oscar Wilson steals 2nd base (no throw)
0-2: Ball
1-2: Ball
2-2: Fly out, F8 (Line Drive, 8RD, EV 93.8 MPH)
Bottom of the 4th over - 2 runs, 3 hits, 0 errors, 1 left on base; Fort Myers 1 - Orlando 3
TOP OF THE 5TH
Fort Myers Capitals batting - Pitching for Orlando Blackbirds : RHP Tommy Humes
Batting: RHB Ashton Emanuele 0-0: Called Strike
0-1: SINGLE (Groundball, 25, EV 60.6 MPH) (infield hit)
Batting: RHB Phil Klein 0-0: Called Strike
Ashton Emanuele steals 2nd base
0-1: Ground out 6-3 (Groundball, 6, EV 81.9 MPH)
Ashton Emanuele to third
Batting: RHB Logan Donaldson 0-0: Foul Ball, location: 2F
0-1: Ground out 4-3 (Groundball, 4, EV 91.9 MPH)
Batting: RHB Jordy Marchetta 0-0: Foul Ball, location: 2F
0-1: Called Strike
0-2: Fly out, F7 (Line Drive, 78S, EV 93.8 MPH)
Top of the 5th over - 0 runs, 1 hit, 0 errors, 1 left on base; Fort Myers 1 - Orlando 3
BOTTOM OF THE 5TH
Orlando Blackbirds batting - Pitching for Fort Myers Capitals : RHP Draven Gay
Batting: RHB Braden Sacks 0-0: Called Strike
0-1: DOUBLE (Flyball, 7D, EV 107.5 MPH)
Batting: LHB Aiden Hill 0-0: Ball
1-0: Called Strike
Braden Sacks is caught stealing 3rd base 2-5
1-1: Ball
2-1: Foul Ball, location: 2F
2-2: DOUBLE (Flyball, 8LXD, EV 91.2 MPH)
Batting: RHB Randy Wassell 0-0: Fly out, F8 (Flyball, 89M, EV 84.4 MPH)
Batting: SHB Conor Coleman 0-0: Ball
1-0: Ball
2-0: Called Strike
2-1: Fly out, F8 (Flyball, 8LM, EV 94.4 MPH)
Bottom of the 5th over - 0 runs, 2 hits, 0 errors, 1 left on base; Fort Myers 1 - Orlando 3
TOP OF THE 6TH
Fort Myers Capitals batting - Pitching for Orlando Blackbirds : RHP Tommy Humes
Batting: RHB Camden O'Neill 0-0: Ball
1-0: Ball
2-0: Ball
3-0: Base on Balls
Batting: LHB Kaleb Thompson 0-0: Ball
1-0: Foul Ball, location: 2F
1-1: Ball
2-1: Foul Ball, location: 2F
2-2: Foul Ball, location: 2F
2-2: Ball
3-2: Strikes out swinging
Batting: RHB Nelson Chandler 0-0: Called Strike
0-1: Reached on error, E5 (Groundball, 5, EV 85.0 MPH)
Camden O'Neill to second
Batting: RHB Robby Boehm 0-0: Fly out, F7 (Flyball, 7LSF, EV 93.1 MPH)
Batting: RHB Hunt Singleton 0-0: Ball
1-0: Fly out, F1 (Popup, 15, EV 87.5 MPH)
Top of the 6th over - 0 runs, 0 hits, 1 error, 2 left on base; Fort Myers 1 - Orlando 3
BOTTOM OF THE 6TH
Orlando Blackbirds batting - Pitching for Fort Myers Capitals : RHP Draven Gay
Pitching: RHP Edward Nock
Batting: RHB Billy Ojala 0-0: Ball
1-0: Ball
2-0: Foul Ball, location: 2F
2-1: Ball
3-1: Called Strike
3-2: Base on Balls
Batting: SHB Kenny Goss 0-0: Bunted foul
0-1: Bunted foul
0-2: Ball
1-2: Foul Ball, location: 2F
1-2: Ball
2-2: Strikes out looking
Batting: RHB Logan Rodacker 0-0: Called Strike
0-1: Swinging Strike
0-2: Strikes out swinging
Batting: RHB Oscar Wilson 0-0: Called Strike
Billy Ojala steals 2nd base
0-1: Ball
1-1: Ball
2-1: Ball
3-1: DOUBLE (Line Drive, 7LM, EV 103.8 MPH)
Billy Ojala scores
Batting: RHB Alden Bradley 0-0: Ground out 4-3 (Groundball, 4S, EV 76.2 MPH)
Bottom of the 6th over - 1 run, 1 hit, 0 errors, 1 left on base; Fort Myers 1 - Orlando 4
TOP OF THE 7TH
Fort Myers Capitals batting - Pitching for Orlando Blackbirds : RHP Tommy Humes
Pitching: LHP Judson Mulefu
Now at 1B: Conor Coleman
Now at 2B: Adrian Zabel
Now in LF: Billy Wright
Now in RF: Reynold Chimanga
Batting: RHB Ashton Emanuele 0-0: Ball
1-0: Fly out, F9 (Flyball, 89S, EV 88.8 MPH)
Batting: RHB Phil Klein 0-0: Ball
1-0: Foul Ball, location: 2F
1-1: Foul Ball, location: 2F
1-2: Ball
2-2: SINGLE (Groundball, 3D, EV 94.4 MPH)
Batting: RHB Logan Donaldson 0-0: Swinging Strike
0-1: Fielders Choice at 2nd, 3-6 (Groundball, 3, EV 85.0 MPH)
Batting: RHB Jordy Marchetta 0-0: Called Strike
Logan Donaldson is caught stealing 2nd base 2-4
Top of the 7th over - 0 runs, 1 hit, 0 errors, 0 left on base; Fort Myers 1 - Orlando 4
BOTTOM OF THE 7TH
Orlando Blackbirds batting - Pitching for Fort Myers Capitals : RHP Edward Nock
Batting: RHB Braden Sacks 0-0: Ball
1-0: Called Strike
1-1: Ball
2-1: Foul Ball, location: 2F
2-2: Foul Ball, location: 2F
2-2: DOUBLE (Flyball, 8RXD, EV 105.6 MPH)
Batting: RHB Billy Wright 0-0: Ball
1-0: Fly out, F9 (Flyball, 9LD, EV 86.9 MPH)
Runner from 2nd tags up, SAFE at 3rd, no throw by RF
Batting: RHB Randy Wassell 0-0: Ball
1-0: Ball
2-0: Ground out 4-3 (Groundball, 34, EV 78.8 MPH)
Pitching: RHP Zev Howell
Batting: SHB Conor Coleman 0-0: Ball
1-0: SINGLE (Line Drive, 8LS, EV 96.9 MPH)
Braden Sacks scores
Batting: RHB Billy Ojala 0-0: Called Strike
0-1: Ball
1-1: DOUBLE (Flyball, 8RXD, EV 109.4 MPH)
Conor Coleman to third
Runner from 3rd tries for Home, throw by CF and OUT! 8-4-2
Bottom of the 7th over - 1 run, 3 hits, 0 errors, 1 left on base; Fort Myers 1 - Orlando 5
TOP OF THE 8TH
Fort Myers Capitals batting - Pitching for Orlando Blackbirds : LHP Judson Mulefu
Batting: RHB Jordy Marchetta 0-0: SINGLE (Line Drive, 34, EV 96.9 MPH)
Batting: RHB Camden O'Neill 0-0: Ball
1-0: Ball
2-0: Ball
3-0: Called Strike
3-1: Called Strike
3-2: Fly out, F8 (Flyball, 8LD, EV 97.5 MPH)
Pinch Hitting: RHB Grant Essenmacher 0-0: Ball
1-0: Ball
2-0: Swinging Strike
2-1: Ball
3-1: Base on Balls
Jordy Marchetta to second
Batting: RHB Nelson Chandler 0-0: Swinging Strike
0-1: Ball
1-1: Foul Ball, location: 2F
1-2: Ball
2-2: Ball
3-2: Base on Balls
Jordy Marchetta to third
Grant Essenmacher to second
Batting: RHB Robby Boehm 0-0: Called Strike
0-1: Foul Ball, location: 2F
0-2: Ball
1-2: Fly out, F9 (Flyball, 9, EV 85.0 MPH)
Pitching: LHP Martin Talbot
Batting: RHB Hunt Singleton 0-0: Ball
1-0: Hit by Pitch
Jordy Marchetta scores
Grant Essenmacher to third
Nelson Chandler to second
Batting: RHB Ashton Emanuele 0-0: Foul Ball, location: 2F
0-1: Called Strike
0-2: Ball
Wild Pitch!
Grant Essenmacher scores
Nelson Chandler to third
Hunt Singleton to second
1-2: Ball
2-2: Ball
3-2: Foul Ball, location: 2F
3-2: Foul Ball, location: 2F
3-2: Strikes out swinging
Top of the 8th over - 2 runs, 1 hit, 0 errors, 2 left on base; Fort Myers 3 - Orlando 5
BOTTOM OF THE 8TH
Orlando Blackbirds batting - Pitching for Fort Myers Capitals : RHP Zev Howell
Now in RF: Kel Sathaye
Batting: SHB Kenny Goss 0-0: Ball
1-0: Called Strike
1-1: Foul Ball, location: 2F
1-2: Strikes out swinging
Batting: RHB Logan Rodacker 0-0: Ball
1-0: Foul Ball, location: 2F
1-1: Foul Ball, location: 2F
1-2: Ball
2-2: Strikes out swinging
Batting: RHB Reynold Chimanga 0-0: Ball
1-0: Ball
2-0: Foul Ball, location: 2F
2-1: Called Strike
2-2: Strikes out swinging
Bottom of the 8th over - 0 runs, 0 hits, 0 errors, 0 left on base; Fort Myers 3 - Orlando 5
TOP OF THE 9TH
Fort Myers Capitals batting - Pitching for Orlando Blackbirds : LHP Martin Talbot
Batting: RHB Phil Klein 0-0: Ball
1-0: Foul Ball, location: 2F
1-1: SOLO HOME RUN (Flyball, 78XD, EV 107.5 MPH), Distance : 430 ft
Batting: RHB Logan Donaldson 0-0: Called Strike
0-1: Ball
1-1: Ball
2-1: Swinging Strike
2-2: Strikes out swinging
Pitching: RHP Blake Gordon
Batting: RHB Jordy Marchetta 0-0: Ball
1-0: Ball
2-0: Called Strike
2-1: Swinging Strike
2-2: Ball
3-2: Foul Ball, location: 2F
3-2: Base on Balls
Batting: RHB Camden O'Neill 0-0: Ball
1-0: Ball
2-0: Ball
3-0: Base on Balls
Jordy Marchetta to second
Pinch Hitting: LHB Davion Harrod 0-0: Called Strike
0-1: Swinging Strike
0-2: Ball
1-2: Foul Ball, location: 2F
1-2: Foul Ball, location: 2F
1-2: DOUBLE (Groundball, 3L, EV 108.1 MPH)
Jordy Marchetta scores
Camden O'Neill to third
Batting: RHB Nelson Chandler 0-0: Called Strike
0-1: Ball
1-1: Foul Ball, location: 2F
1-2: Ball
2-2: Ball
3-2: Base on Balls
Batting: RHB Robby Boehm 0-0: Ball
1-0: Called Strike
1-1: SINGLE (Groundball, 6MD, EV 99.4 MPH)
Camden O'Neill scores
Davion Harrod to third
Nelson Chandler to second
Runner from 3rd tries for Home, SAFE, throw by CF to home
Batting: RHB Hunt Singleton 0-0: Called Strike
0-1: Ball
1-1: SINGLE (Flyball, 5D, EV 86.2 MPH)
Nelson Chandler to third
Robby Boehm to second
Batting: RHB Ashton Emanuele 0-0: Ball
1-0: Called Strike
1-1: Ball
2-1: SINGLE (Line Drive, 7LS, EV 102.5 MPH)
Nelson Chandler scores
Robby Boehm to third
Hunt Singleton to second
Batting: RHB Phil Klein 0-0: Ball
1-0: Called Strike
1-1: Ball
2-1: Ball
3-1: Foul Ball, location: 2F
3-2: SINGLE (Groundball, 56, EV 104.4 MPH)
Robby Boehm scores
Hunt Singleton to third
Ashton Emanuele to second
Batting: RHB Logan Donaldson 0-0: Swinging Strike
0-1: Ball
1-1: Swinging Strike
1-2: Ball
2-2: Fly out, F7 (Line Drive, 7, EV 91.9 MPH)
Runner from 3rd tags up, SCORES, throw by LF
Batting: RHB Jordy Marchetta 0-0: Foul Ball, location: 2F
0-1: Called Strike
0-2: Foul Ball, location: 2F
0-2: Ball
1-2: Foul Ball, location: 2F
1-2: Ball
2-2: Ball
3-2: Base on Balls
Ashton Emanuele to third
Phil Klein to second
Batting: RHB Camden O'Neill 0-0: Called Strike
0-1: Ball
1-1: Ball
2-1: Ball
3-1: Swinging Strike
3-2: Base on Balls
Ashton Emanuele scores
Phil Klein to third
Jordy Marchetta to second
Batting: LHB Davion Harrod 0-0: Called Strike
0-1: SINGLE (Groundball, 3D, EV 98.1 MPH)
Phil Klein scores
Jordy Marchetta to third
Camden O'Neill to second
Runner from 3rd tries for Home, SAFE, throw by RF to home
Pitching: LHP Geoff Roy
Batting: RHB Nelson Chandler 0-0: Ball
1-0: Called Strike
1-1: Swinging Strike
1-2: Ball
2-2: Strikes out looking
Top of the 9th over - 10 runs, 7 hits, 0 errors, 2 left on base; Fort Myers 13 - Orlando 5
BOTTOM OF THE 9TH
Orlando Blackbirds batting - Pitching for Fort Myers Capitals : RHP Zev Howell
Now at 2B: Robby Boehm
Now at SS: Teigan Ramirez
Now in RF: Johnny Dow
Batting: RHB Adrian Zabel 0-0: Swinging Strike
0-1: Ball
1-1: Ball
2-1: Foul Ball, location: 2F
2-2: Ball
3-2: Base on Balls
Batting: RHB Braden Sacks 0-0: Ball
1-0: Ball
2-0: TRIPLE (Line Drive, 78XD, EV 106.9 MPH)
Adrian Zabel scores
Batting: RHB Billy Wright 0-0: Foul Ball, location: 2F
0-1: Ball
1-1: Ball
2-1: Ball
3-1: Called Strike
3-2: SINGLE (Line Drive, 89M, EV 101.9 MPH)
Braden Sacks scores
Batting: RHB Randy Wassell 0-0: Fielders Choice at 2nd, 3-6 (Groundball, 3, EV 86.2 MPH)
Batting: SHB Conor Coleman 0-0: Called Strike
0-1: Ball
1-1: Ball
2-1: Foul Ball, location: 2F
2-2: Foul Ball, location: 2F
2-2: Foul Ball, location: 2F
2-2: Ball
3-2: Base on Balls
Randy Wassell to second
Pitching: RHP Donte' Alba
Batting: RHB Billy Ojala 0-0: Called Strike
0-1: Ball
1-1: Ball
2-1: Foul Ball, location: 2F
2-2: Ball
3-2: DOUBLE (Line Drive, 7LM, EV 107.5 MPH)
Randy Wassell scores
Conor Coleman to third
Pinch Hitting: LHB Jim Milano 0-0: DOUBLE (Groundball, 3L, EV 94.4 MPH)
Conor Coleman scores
Billy Ojala scores
Pitching: RHP Isaac Anderson
Batting: RHB Logan Rodacker 0-0: Ball
1-0: Ball
2-0: Swinging Strike
2-1: Swinging Strike
2-2: Foul Ball, location: 2F
2-2: Ball
3-2: Base on Balls
Batting: RHB Reynold Chimanga 0-0: Foul Ball, location: 2F
0-1: Ball
1-1: Ball
2-1: Ball
3-1: Foul Ball, location: 2F
3-2: Strikes out swinging
Batting: RHB Adrian Zabel 0-0: Ball
1-0: Ball
2-0: Ball
3-0: Base on Balls
Jim Milano to third
Logan Rodacker to second
Batting: RHB Braden Sacks 0-0: Ball
1-0: Swinging Strike
1-1: Swinging Strike
1-2: Foul Ball, location: 2F
1-2: Strikes out swinging
Bottom of the 9th over - 5 runs, 4 hits, 0 errors, 3 left on base; Fort Myers 13 - Orlando 10
Monday, April 29th , 2024 - OOTP Baseball 23.10 Build 110